 Dungeon Crawl Stone Soup version 0.28.0-1-gb440e238dd (webtiles) character file.

Game seed: 16449313623228331282

212 pkoi the Insei (level 5, -8/45 HPs)
             Began as a Draconian Monk on Feb 25, 2022.
             Killed by divine providence
             ... invoked by an orc priest
              (11 damage)
             ... on level 5 of the Dungeon.
             The game lasted 00:06:11 (5501 turns).

pkoi the Insei (Draconian Monk)                     Turns: 5501, Time: 00:06:11

Health: -8/45      AC:  9    Str: 13    XL:     5   Next: 58%
Magic:  5/5        EV: 12    Int: 15    God:
Gold:   115        SH:  0    Dex: 14    Spells: 4/4 levels left

rFire   . . .      SeeInvis .     - Unarmed
rCold   . . .      Faith    .   (no shield)
rNeg    . . .      Spirit   .   (armour unavailable)
rPois   .          Reflect  .   (helmet restricted)
rElec   .          Harm     .   (no cloak)
rCorr   .          Rampage  .   f - +2 pair of gloves of Haunoz {Int+3 Stlth+}
Will    .....                   h - +0 pair of boots
Stlth   +++.......              j - amulet of the acrobat
HPRegen 0.15/turn               (no ring)
MPRegen 0.09/turn               (no ring)

@: no status effects
A: AC +5, unfitting armour, cold-blooded
a: no special abilities


You were on level 5 of the Dungeon.
You visited 1 branch of the dungeon, and saw 5 of its levels.

You collected 115 gold pieces.

Inventory:

Hand Weapons
 a - a +0 rapier
 b - a +0 whip of flaming
 g - a +0 dagger of speed
Armour
 f - the +2 pair of gloves of Haunoz (worn) {Int+3 Stlth+}
   (You found it on level 4 of the Dungeon)

   Int:       It affects your intelligence (+3).
   Stlth:     It makes you more stealthy.
 h - a +0 pair of boots (worn)
Jewellery
 j - an amulet of the acrobat (around neck)
Scrolls
 d - 3 scrolls of amnesia
 e - 2 scrolls of identify
 i - a scroll of fog {unknown}
Potions
 c - 2 potions of flight


   Skills:
 - Level 3.2 Fighting
 + Level 2.8 Dodging
 - Level 1.7 Stealth
 * Level 6.3 Unarmed Combat


You had 4 spell levels left.
You didn't know any spells.
Your spell library contained the following spells:

 Spells                   Type           Power      Damage    Failure   Level
 Animate Skeleton         Necr           0%         N/A       26%         1
 Pain                     Necr           0%         1d4       26%         1
 Conjure Flame            Conj/Fire      0%         6-21      63%         3
 Ignite Poison            Fire/Tmut/Pois 0%         N/A       63%         3
 Vampiric Draining        Necr           0%         2d6       63%         3
 Sticky Flame             Conj/Fire      0%         2d3       95%         4


Dungeon Overview and Level Annotations

Branches:
Dungeon (5/15)
 Temple: D:4-7

Altars:

Annotations:
D:3 Terence


Innate Abilities, Weirdness & Mutations

Your plain brown scales are hard. (AC +5)
You cannot fit into any form of body armour.
You are cold-blooded and may be slowed by cold attacks.


Message History

* * * LOW HITPOINT WARNING * * *
The water moccasin bites you.
* * * LOW HITPOINT WARNING * * *
Unknown command.
You barely miss the water moccasin.
Your tail-slap misses the water moccasin.
The water moccasin is almost dead.
You feel sick. The water moccasin barely misses you.
The orc closely misses you.
Unknown command.
You miss the water moccasin.
The water moccasin is almost dead.
You feel sick.
The water moccasin bites you but does no damage.
The orc hits you but does no damage.
Unknown command.
You closely miss the water moccasin.
The water moccasin is almost dead.
You feel sick.
The water moccasin bites you but does no damage.
The water moccasin closely misses you.
Unknown command.
You hit the water moccasin but do no damage.
The water moccasin is almost dead.
The orc hits you with a +0 club.
* * * LOW HITPOINT WARNING * * *
The orc priest mumbles some strange prayers to Beogh against you.
Beogh smites you!
* * * LOW HITPOINT WARNING * * *
The water moccasin barely misses you.
You hit the water moccasin but do no damage.
The water moccasin is almost dead.
You feel sick.
You are no longer poisoned.
The orc hits you with a +0 club.
* * * LOW HITPOINT WARNING * * *
The water moccasin barely misses you.
The orc priest invokes the aid of Beogh against you.
Beogh smites you!
You die...

.# #.. ###
#... ##@#
##....
#oS##......
#.oo).o.o..
#....#.....
##..## ...
#..## o
#####
#...##
....#######
#....##
##...[##..#
##.....#..


You could see a water moccasin, an orc priest and 2 orcs.

Vanquished Creatures
  An iguana (D:5)
  A hound skeleton (D:4)
  A gnoll (D:1)
  8 adders
  An ufetubus (D:4)
  4 worms
  4 dart slugs
  2 orcs
  3 bats
  9 endoplasms
  7 giant cockroaches
  5 hobgoblins
  3 quokkas (D:1)
  4 ball pythons
  A frilled lizard (D:2)
  4 goblins
  5 kobolds
  8 rats
71 creatures vanquished.

Notes
Turn   | Place    | Note
-------+----------+-------------------------------------------
     0 | D:1      | pkoi the Draconian Monk began the quest for the Orb.
     0 | D:1      | Reached XP level 1. HP: 19/19 MP: 1/1
   583 | D:1      | Reached XP level 2. HP: 26/26 MP: 2/2
   848 | D:1      | Reached skill level 4 in Unarmed Combat
  1274 | D:1      | Reached XP level 3. HP: 31/31 MP: 3/3
  2254 | D:2      | Reached skill level 5 in Unarmed Combat
  2254 | D:2      | Reached XP level 4. HP: 35/38 MP: 4/4
  3549 | D:3      | Reached XP level 5. HP: 45/45 MP: 5/5
  3803 | D:3      | Noticed Terence
  3955 | D:4      | Reached skill level 6 in Unarmed Combat
  4009 | D:4      | Noticed an ice beast
  4272 | D:4      | Noticed an ogre
  4419 | D:4      | Noticed an ogre
  4483 | D:4      | Identified the +2 pair of gloves of Haunoz {Int+3 Stlth+}
  4540 | D:4      | Noticed an ogre
  4903 | D:5      | Entered Level 5 of the Dungeon
  5080 | D:5      | Noticed a lemure
  5479 | D:5      | Noticed a water moccasin
  5501 | D:5      | Killed from afar by an orc priest

Illustrated notes

Levels and vault maps discovered:
D:1:      dpeg_arrival_arbitrary_c, layout_basic
D:2:      layout_basic
D:3:      layout_basic, uniq_terence
D:4:      layout_cave_pools, grunt_decor_fettered, uniq_crazy_yiuf_cottage
D:5:      layout_layer_cave, nicolae_sif_muna_little_library,
          minmay_fire_ice_demons, uniq_pikel, uniq_prince_ribbit1

Skill      XL: |  1  2  3  4  5 |
---------------+----------------+-----
Unarmed Combat | 4 5 6 |  6.3
Fighting       | |  3.2
Dodging        | |  2.8
Stealth        | |  1.7

Action                   |  1- 3 |  4- 6 || total
-------------------------+-------+-------++-------
Melee: Whip              |   121 |    32 ||   153
       Rapier            |    12 |       ||    12
       Tailslap          |    12 |    28 ||    40
       Punch             |     2 |    12 ||    14
       Dagger            |       |   162 ||   162
       Unarmed           |       |    27 ||    27
  Use: Potion            |     2 |     1 ||     3
       Scroll            |       |     4 ||     4
 Stab: Sleeping          |     8 |     3 ||    11
Armor: Skin              |    39 |    63 ||   102
Dodge: Dodged            |    76 |   122 ||   198
